 Dungeon Crawl Stone Soup version 0.22-a0-596-gfbd32a6 (webtiles) character file.

4726 robertstho the Grappler (level 10, -23/92 HPs)
             Began as a Troll Monk on July 5, 2018.
             Was a High Priest of Okawaru.
             Shot with a bolt by a tengu warrior (26 damage)
             ... on level 9 of the Dungeon.
             The game lasted 00:15:28 (6004 turns).

robertstho the Grappler (Troll Monk)                Turns: 6004, Time: 00:15:29

Health: -23/92     AC:  6    Str: 21    XL:     10   Next: 22%
Magic:  9/9        EV: 12    Int:  6    God:    Okawaru [*****.]
Gold:   399        SH:  0    Dex: 15    Spells: 9/9 levels left

rFire    + . .     SeeInvis .     - Unarmed
rCold    x . .     Gourm    +   (no shield)
rNeg     . . .     Faith    .   a - +0 robe
rPois    .         Spirit   .   (helmet restricted)
rElec    .         Reflect  .   z - +0 cloak
rCorr    +         Harm     .   (gloves unavailable)
MR       .....                  (boots unavailable)
Stlth    ++........             e - amulet of rage
HPRegen  0.65/turn              l - ring of resist corrosion
MPRegen  0.11/turn              D - ring of fire

@: lethally poisoned (-23 -> -23), berserk cooldown, slowed, very slow
A: large, unfitting armour, claws 3, fast metabolism 3, gourmand, regeneration
1, shaggy fur 1, tough skin 2
a: Heroism, Finesse, Renounce Religion, Evoke Berserk Rage


You were on level 9 of the Dungeon.
You worshipped Okawaru.
Okawaru was extremely pleased with you.
You were very full.

You visited 2 branches of the dungeon, and saw 10 of its levels.
You also visited: Sewer.

You collected 399 gold pieces.

Inventory:

Hand Weapons
 k - a +2 shortbow of freezing
 s - a cursed -2 short sword
 x - a +1 scimitar of flaming
 H - a cursed -1 giant spiked club
 L - a +3 great sword
 M - a +0 battleaxe of electrocution
Missiles
 r - 3 large rocks (quivered)
 A - 4 silver javelins
Armour
 a - a +0 robe (worn)
 z - a +0 cloak (worn)
Jewellery
 e - an amulet of rage (around neck)
 h - an uncursed amulet of regeneration
 l - a ring of resist corrosion (left claw)
 y - a +3 amulet of reflection
 D - a ring of fire (right claw)
 K - an uncursed ring of ice
 N - an uncursed amulet of guardian spirit {unknown}
Wands
 u - a wand of iceblast (9)
 v - a wand of flame (22)
 Q - a wand of random effects (17)
Scrolls
 d - 5 scrolls of remove curse
 f - 3 scrolls of teleportation {unknown}
 g - 2 scrolls of enchant weapon {unknown}
 j - a scroll of enchant armour {unknown}
 o - 2 scrolls of amnesia {unknown}
 q - 3 scrolls of blinking {unknown}
 w - 3 scrolls of noise {unknown}
 B - a scroll of random uselessness {unknown}
 C - a scroll of magic mapping
 F - a scroll of fog {unknown}
 I - a scroll of vulnerability
Potions
 c - 2 potions of brilliance
 i - 2 potions of resistance
 m - a potion of heal wounds
 n - 3 potions of curing
 p - a potion of mutation
 t - 4 potions of flight
 E - 3 potions of agility {unknown}
 G - a potion of might
 J - a potion of degeneration {unknown}
Comestibles
 b - 18 rations
 P - 4 chunks of flesh


   Skills:
 + Level 4.0 Fighting
 + Level 4.8 Dodging
 - Level 1.0 Stealth
 * Level 13.4 Unarmed Combat
 + Level 0.3 Invocations


You had 9 spell levels left.
You didn't know any spells.
Your spell library contained the following spells:

 Spells                   Type           Power        Failure   Level  Hunger
 Conjure Flame            Conj/Fire      #.......     83%         3    ####...
 Freezing Cloud           Conj/Ice/Air   #.........   100%        6    #######
 Mephitic Cloud           Conj/Pois/Air  #.......     83%         3    ####...
 Ring of Flames           Chrm/Fire      #.........   100%        7    #######
 Poisonous Vapours        Pois/Air       #.....       58%         2    ###....


Dungeon Overview and Level Annotations

Branches:
Dungeon (9/15)             Temple (1/1) D:4            Lair (0/6) D:8
    Orc: D:9-12

Altars:
Ashenzari
Cheibriados
Elyvilon
Fedhas
Gozag
Hepliaklqana
Makhleb
Okawaru
Qazlal
Ru
Sif Muna
Trog
Uskayaw
Vehumet
Wu Jian
Xom
Yredelemnul
Zin
The Shining One


Innate Abilities, Weirdness & Mutations

You are too large for most types of armour.
You have claws for hands.
Your metabolism is lightning-fast.
You like to eat raw meat.
Your natural rate of healing is unusually fast.
You are covered in fur. (AC +1)
You have very tough skin. (AC +2)


Message History

The big kobold hits you but does no damage.
You feel sick.
You mangle the worker ant!!
You kill the worker ant!
Okawaru accepts your kill.
The big kobold throws a stone.
The stone hits you but does no damage.
You feel sick.
The tengu warrior shoots a bolt.
The bolt hits you!!
* * * LOW HITPOINT WARNING * * *
You see here a bolt.
You feel a strong urge to attack something.
You are no longer berserk.
You are exhausted.
You feel yourself slow down.
Unknown command.
As you read the scroll of identify, it crumbles to dust.
I - a scroll of vulnerability You feel sick.
The big kobold throws a stone.
The stone hits you.
* * * LOW HITPOINT WARNING * * *
The tengu warrior shoots a bolt.
The bolt hits you!!
You die...

..#...Z #..# ......K ...
#..# #...... .... #..#
#....W. ...# #..# .......
..# #..# ..#.K..######.#
#..# ........(..}#.###..#
..K.##..r(..#......########
. .##..C(.W#..@...........
.......uKK#.(............
#....#.ZK(#(####..#######
#......K†KQK# #..#
#(.....##.K.# #..#
#......##...# #..#
#=..........# #..#
#####....#.. #..# .......#
#..#


You could see a tengu warrior, 2 big kobolds and a kobold.

Vanquished Creatures
  Erica (D:8)
  2 two-headed ogres (D:9)
  Sigmund (D:2)
  A water moccasin (D:8)
  Duvessa (D:6)
  A hornet zombie (D:8)
  2 phantoms
  2 ice beasts (D:6)
  2 ogres
  A necrophage (D:8)
  A centaur (D:8)
  A crocodile (D:8)
  A big kobold (D:6)
  A bullfrog (D:6)
  Dowan (D:6)
  2 scorpions
  6 killer bees
  3 wights (D:8)
  An electric eel (D:8)
  A howler monkey (D:4)
  A bullfrog zombie (D:9)
  A centaur zombie (D:8)
  A bullfrog skeleton (D:5)
  A jelly (D:8)
  4 orc priests
  A gnoll shaman (D:6)
  2 hounds
  Ijyb (D:4)
  5 worker ants
  A hound skeleton (D:5)
  A howler monkey zombie (D:8)
  A worker ant zombie (D:8)
  Robin (D:2)
  3 gnolls (D:6)
  14 adders
  A howler monkey skeleton (D:5)
  3 river rats (Sewer)
  3 shadow imps
  An ooze (D:3)
  4 worms
  A dart slug (D:1)
  4 leopard geckos (D:6)
  11 orcs
  10 giant cockroaches
  14 goblins
  8 hobgoblins
  8 jackals
  5 quokkas
  7 ball pythons
  10 bats
  5 frilled lizards
  A jackal skeleton (D:8)
  28 kobolds
  31 rats
225 creatures vanquished.

Notes
Turn   | Place    | Note
-------+----------+-------------------------------------------
     0 | D:1      | robertstho the Troll Monk began the quest for the Orb.
     0 | D:1      | Reached XP level 1. HP: 22/22 MP: 0/0
   222 | D:1      | Reached XP level 2. HP: 28/29 MP: 1/1
   937 | D:2      | Reached XP level 3. HP: 36/36 MP: 2/2
  1002 | D:2      | Reached skill level 4 in Unarmed Combat
  1014 | D:2      | Noticed Robin
  1065 | D:2      | Reached XP level 4. HP: 26/44 MP: 3/3
  1075 | D:2      | Killed Robin
  1287 | D:2      | Noticed Sigmund
  1304 | D:2      | Killed Sigmund
  1304 | D:2      | Reached skill level 5 in Unarmed Combat
  1304 | D:2      | Reached XP level 5. HP: 26/52 MP: 4/4
  1608 | D:3      | Reached skill level 6 in Unarmed Combat
  1708 | D:3      | Reached XP level 6. HP: 58/59 MP: 5/5
  2457 | D:4      | Found a radiant altar of Vehumet.
  2574 | D:4      | Found a staircase to the Ecumenical Temple.
  2605 | D:4      | Noticed Ijyb
  2611 | D:4      | Killed Ijyb
  2626 | D:4      | Reached skill level 7 in Unarmed Combat
  2626 | D:4      | Reached XP level 7. HP: 40/67 MP: 6/6
  2677 | Temple   | Entered the Ecumenical Temple
  2733 | Temple   | Became a worshipper of Warmaster Okawaru
  2733 | Temple   | Reached * piety under Okawaru
  2733 | Temple   | Reached ** piety under Okawaru
  3141 | D:5      | Entered Level 5 of the Dungeon
  3337 | D:5      | Reached skill level 8 in Unarmed Combat
  3791 | D:6      | Found a glowing drain.
  3812 | Sewer    | Entered a sewer
  4305 | D:6      | Reached skill level 9 in Unarmed Combat
  4305 | D:6      | Reached XP level 8. HP: 64/75 MP: 7/7
  4468 | D:6      | Reached *** piety under Okawaru
  4513 | D:6      | Noticed Dowan
  4514 | D:6      | Noticed Duvessa
  4520 | D:6      | Killed Duvessa
  4520 | D:6      | Reached skill level 10 in Unarmed Combat
  4522 | D:6      | Killed Dowan
  4970 | D:7      | Noticed a two-headed ogre
  5074 | D:8      | Reached skill level 11 in Unarmed Combat
  5074 | D:8      | Reached XP level 9. HP: 72/83 MP: 8/8
  5077 | D:8      | Reached **** piety under Okawaru
  5106 | D:8      | Noticed Erica
  5116 | D:8      | Killed Erica
  5122 | D:8      | HP: 5/124 [killer bee (5)]
  5123 | D:8      | Reached skill level 12 in Unarmed Combat
  5124 | D:8      | HP: 2/124 [killer bee (4)]
  5248 | D:8      | Found a staircase to the Lair.
  5286 | D:8      | Reached ***** piety under Okawaru
  5909 | D:9      | Noticed a two-headed ogre
  5916 | D:9      | Killed a two-headed ogre
  5916 | D:9      | Received a gift from Okawaru
  5916 | D:9      | Reached skill level 13 in Unarmed Combat
  5916 | D:9      | Reached XP level 10. HP: 76/92 MP: 9/9
  5973 | D:9      | Noticed a two-headed ogre
  5977 | D:9      | Noticed a tengu warrior
  5988 | D:9      | Killed a two-headed ogre
  5989 | D:9      | Noticed a white ugly thing
  5989 | D:9      | Noticed a cyclops
  6004 | D:9      | HP: 3/92 [big kobold/stone (5)]
  6004 | D:9      | Shot with a bolt by a tengu warrior

Vault maps used:
D:1:      minmay_arrival_pointy
D:2:      uniq_sigmund, uniq_robin
D:3:      patterned_corridor
D:4:      fiery_altar_vehumet, temple_hall, first_ration, uniq_ijyb
D:6:      gup_sewer_entry_pipe, uniq_duvessa
D:7:      uniq_pikel
D:8:      lair_entry_dummy, kennysheep_generic_room_16, uniq_erica
D:9:      minmay_cut_squares, serial_shops, shop, hangedman_little_slice_of_home
Temple:   compressed_dpeg_triangle_lava_temple
Sewer:    sewer_minmay_treatment

Skill      XL: |  1  2  3  4  5  6  7  8  9 10 |
---------------+-------------------------------+-----
Unarmed Combat | 4 5 6 7 9 11 13 | 13.4
Dodging        | 3 4 |  4.8
Fighting       | 3 4 |  4.0
Stealth        | |  1.0
Invocations    | |  0.3

Action                   |  1- 3 |  4- 6 |  7- 9 | 10-12 || total
-------------------------+-------+-------+-------+-------++-------
Melee: Unarmed           |   116 |   131 |   301 |    17 ||   565
       Punch             |       |     3 |    10 |     1 ||    14
Invok: Heroism           |       |       |     2 |       ||     2
 Abil: Evoke Berserk Rag |       |       |       |     1 ||     1
  Use: Scroll            |       |       |    12 |     1 ||    13
       Potion            |       |       |     3 |     1 ||     4
 Stab: Sleeping          |     3 |     3 |     8 |       ||    14
  Eat: Chunk             |    15 |    14 |    29 |     2 ||    60
Armor: Robe              |    53 |    29 |    72 |     6 ||   160
Dodge: Dodged            |    79 |    70 |   167 |    12 ||   328

Table legend:
 A = Spawn XP
 B = Non-spawn XP
 C = Spawn XP percentage of total XP
 D = Spawn monster count
 E = Non-spawn monster count
 F = Spawn count percentage of total count
 G = Total turns spent on level
                    A         B        C        D         E        F      G
               +---------+---------+-------+---------+---------+-------+---------
         Total |       0 |    6752 |   0.0 |       0 |     225 |   0.0 |  6004
               +---------+---------+-------+---------+---------+-------+---------
           D:1 |       0 |      39 |   0.0 |       0 |      23 |   0.0 |   882
           D:2 |       0 |     313 |   0.0 |       0 |      34 |   0.0 |   620
           D:3 |       0 |     185 |   0.0 |       0 |      27 |   0.0 |   757
           D:4 |       0 |     270 |   0.0 |       0 |       9 |   0.0 |   812
           D:5 |       0 |     285 |   0.0 |       0 |      10 |   0.0 |   509
           D:6 |       0 |    1107 |   0.0 |       0 |      39 |   0.0 |   757
           D:7 |       0 |     248 |   0.0 |       0 |       3 |   0.0 |   133
           D:8 |       0 |    2279 |   0.0 |       0 |      26 |   0.0 |   858
           D:9 |       0 |    1895 |   0.0 |       0 |       6 |   0.0 |   143
         Sewer |       0 |     131 |   0.0 |       0 |      48 |   0.0 |   463
               +---------+---------+-------+---------+---------+-------+---------
